 Seeded DCSS version 0.28.0-53-g5a82cb258f (webtiles) character file.

Game seed: 6737368310326861808 (custom seed)

5250 cbfl8 the Basher (level 10, -3/88 HPs)
             Began as a Hill Orc Delver on July 17, 2022.
             Was a Follower of Beogh.
             Succumbed to a hornet's poison
             ... on level 9 of the Dungeon.
             The game lasted 00:18:35 (11218 turns).

cbfl8 the Basher (Hill Orc Delver)                 Turns: 11218, Time: 00:18:36

Health: -3/88      AC: 16    Str: 20    XL:     10   Next: 62%
Magic:  7/13       EV:  9    Int: 10    God:    Beogh [*.....]
Gold:   408        SH:  0    Dex: 12    Spells: 9/9 levels left

rFire   . . .      SeeInvis .   s - +4 dire flail (drain)
rCold   . . .      Faith    .   (shield currently unavailable)
rNeg    . . .      Spirit   .   o - +0 chain mail
rPois   .          Reflect  .   p - +0 helmet
rElec   .          Harm     .   (no cloak)
rCorr   .          Rampage  .   (no gloves)
Will    .....                   (no boots)
Stlth   ..........              (no amulet)
HPRegen 0.24/turn               j - +4 ring of protection
MPRegen 0.13/turn               E - ring of flight

@: lethally poisoned (-3 -> -24), flying, slowed, very slow
A: no striking features
a: Renounce Religion


You were on level 9 of the Dungeon.
You worshipped Beogh.
Beogh was aware of your devotion.
You visited 1 branch of the dungeon, and saw 9 of its levels.

You collected 463 gold pieces.
You spent 55 gold pieces at shops.

Inventory:

Hand Weapons
 a - a +0 hand axe
 e - a +1 vorpal war axe
 s - a +4 dire flail of draining (weapon)
 y - a +2 great mace of protection
 A - a +0 broad axe
Missiles
 D - 2 throwing nets
Armour
 b - a +0 leather armour
 o - a +0 chain mail (worn)
 p - a +0 helmet (worn)
 x - a +1 buckler of reflection
Jewellery
 j - a +4 ring of protection (left hand)
 C - a ring of fire
 E - a ring of flight (right hand)
Wands
 g - a wand of digging (19)
 v - a wand of mindburst (11) (quivered)
Scrolls
 c - a scroll of fog
 d - a scroll of magic mapping
 h - a scroll of enchant weapon {unknown}
 l - 2 scrolls of teleportation
 m - a scroll of blinking {unknown}
 q - 2 scrolls of silence {unknown}
 t - a scroll of immolation {unknown}
 u - 2 scrolls of noise {unknown}
 w - 3 scrolls of identify {unknown}
 F - a scroll of fear
Potions
 f - 2 potions of haste
 i - 2 potions of flight {unknown}
 k - a potion of lignification {unknown}
 n - a potion of attraction {unknown}
 r - 2 potions of ambrosia {unknown}
 z - 2 potions of degeneration {unknown}
 B - a potion of cancellation {unknown}


   Skills:
 * Level 8.2 Fighting
 + Level 7.5(10.0) Axes
 + Level 8.6(9.5) Maces & Flails
 + Level 7.3 Armour
 + Level 3.1 Dodging
 + Level 4.8 Stealth
 * Level 4.7 Invocations
 * Level 5.2 Evocations


You had 9 spell levels left.
You didn't know any spells.
Your spell library contained the following spells:

 Spells                   Type           Power      Damage    Failure   Level
 Slow                     Hex            0%         N/A       97%         1
 Summon Small Mammal      Summ           0%         N/A       97%         1
 Call Canine Familiar     Summ           0%         N/A       100%        3
 Confusing Touch          Hex            0%         N/A       100%        3
 Summon Guardian Golem    Hex/Summ       0%         N/A       100%        3
 Vampiric Draining        Necr           0%         2d6       100%        3


Dungeon Overview and Level Annotations

Branches:
Dungeon (9/15)             Temple (0/1) D:7
   Lair: D:8-11         Orc: D:9-12

Altars:
Cheibriados
Dithmenos
Fedhas
Kikubaaqudgha
Okawaru
Xom

Shops:
D:4 !

Annotations:
D:6 1 runed translucent door, Cheops's ghost, novice MiFi
D:8 2 transporters, Joseph; markstv's ghost, novice DDFi


Message History

The hornet is engulfed in a cloud of scalding steam.
The hornet stings you!
You feel yourself slow down.
You barely miss the hornet.
The hornet is heavily wounded.
You are engulfed in a cloud of scalding steam.
You feel yourself speed up. The hornet stings you!
You are poisoned.
You feel yourself slow down. The hornet stings you.
You are more poisoned.
You feel as though you will be slow longer.
Okay, then.
Aiming: Smiting
Press: ? - help, Dir - move target, f - hornet Smite: a hornet (heavily wounded)
You smite the hornet!!
The hornet is almost dead.
* * * LOW HITPOINT WARNING * * *
You feel extremely sick. The hornet barely misses you.
The hornet stings you but does no damage.
The hornet stings you!
* * * LOW HITPOINT WARNING * * *
You are more poisoned.
You feel as though you will be slow longer.
Hit: s) +4 dire flail (drain)
Press: ? - help, Dir - move target, f/p - hornet
Aim: a hornet (almost dead, about 47% to evade your +4 dire flail of draining)
You closely miss the hornet.
The hornet is almost dead.
* * * LOW HITPOINT WARNING * * *
You feel extremely sick.
The hornet stings you but does no damage.
Aiming: Smiting
Press: ? - help, Dir - move target, f/p - hornet Smite: a hornet (almost dead)
You smite the hornet!!
You kill the hornet!
Beogh accepts your kill.
You can no longer smite your foes.
You die...

### ### ###
#.##########.#####.#
#..................#
#######.################.##
..........................#
#######.###################
........#
........############
................@†.#
.......###########.#
..##+#. .......§# # ..
######§.# ... .D.# ....
#...# ..... #..y# ######
#...# #...#


There were no monsters in sight!

Vanquished Creatures
  Harold (D:8)
  A fire crab (shapeshifter) (D:8)
  Pikel (D:6)
  A hornet (D:9)
  Grinder (D:6)
  5 yaks
  A steam dragon (D:9)
  Edmund (D:4)
  An acid dragon (D:8)
  3 water moccasins
  A sky beast (D:5)
  An ice beast (D:7)
  2 orc warriors
  A necrophage (D:4)
  4 centaurs
  Blork the orc (D:6)
  4 bullfrogs
  2 scorpions
  4 wights (D:9)
  A howler monkey (D:5)
  A bullfrog zombie (D:6)
  4 orc priests
  3 bullfrog skeletons
  2 hounds
  Jessica (D:2)
  An iguana (D:5)
  2 orc wizards
  Ijyb (D:3)
  A hound skeleton (D:4)
  7 gnolls
  6 adders
  An ufetubus (D:5)
  3 dart slugs
  10 orcs
  2 bats
  10 endoplasms
  3 giant cockroaches
  3 goblins
  4 hobgoblins
  3 jackals (D:1)
  2 quokkas
  4 ball pythons
  6 frilled lizards
  9 kobolds
  3 rats
129 creatures vanquished.

Notes
Turn   | Place    | Note
-------+----------+-------------------------------------------
     0 | D:5      | cbfl8 the Hill Orc Delver began the quest for the Orb.
     0 | D:5      | Reached XP level 1. HP: 19/19 MP: 1/1
    29 | D:5      | Noticed an orc wizard
    32 | D:5      | Noticed an orc priest
    33 | D:5      | Became a worshipper of Beogh the Brigand
   145 | D:4      | Reached XP level 2. HP: 21/27 MP: 2/2
   570 | D:1      | Found a faded altar of an unknown god.
   576 | D:1      | Reached XP level 3. HP: 22/33 MP: 3/3
   762 | D:1      | You fall into a shaft and drop 1 floor!
  1128 | D:2      | Noticed Jessica
  1139 | D:2      | Reached * piety under Beogh
  1143 | D:2      | Killed Jessica
  1144 | D:2      | Reached skill level 1 in Armour
  1144 | D:2      | Reached XP level 4. HP: 27/40 MP: 4/4
  2811 | D:3      | Reached XP level 5. HP: 45/46 MP: 5/5
  3522 | D:3      | Reached XP level 6. HP: 9/52 MP: 6/6
  3898 | D:3      | Reached skill level 5 in Axes
  3902 | D:3      | Noticed Ijyb
  3913 | D:3      | Killed Ijyb
  4326 | D:4      | Noticed a necrophage
  4351 | D:4      | Killed a necrophage
  4457 | D:4      | Found Zaeczeor's Distillery.
  4460 | D:4      | Noticed Edmund
  4466 | D:4      | Killed Edmund
  4467 | D:4      | Reached XP level 7. HP: 60/60 MP: 7/7
  4498 | D:4      | Bought a potion of heal wounds for 55 gold pieces
  4604 | D:4      | Reached skill level 1 in Evocations
  5099 | D:5      | Found a blossoming altar of Fedhas.
  5280 | D:5      | Reached skill level 1 in Maces & Flails
  5607 | D:5      | Reached XP level 8. HP: 59/67 MP: 8/8
  6188 | D:6      | Noticed Grinder
  6201 | D:6      | Noticed Pikel
  6512 | D:6      | Reached skill level 5 in Fighting
  6534 | D:6      | Paralysed by Grinder for 6 turns
  6548 | D:6      | Killed Grinder
  6843 | D:6      | Reached skill level 5 in Armour
  7306 | D:6      | Killed Pikel
  7307 | D:6      | Reached skill level 5 in Maces & Flails
  7307 | D:6      | Reached XP level 9. HP: 78/78 MP: 9/9
  7320 | D:6      | Reached ** piety under Beogh
  7338 | D:6      | Found a runed translucent door.
  7339 | D:6      | Noticed Cheops's ghost (novice MiFi)
  7372 | D:6      | Noticed Blork the orc
  7378 | D:6      | Killed Blork the orc
  7613 | D:7      | Found a shadowy altar of Dithmenos.
  7613 | D:7      | Found a shimmering altar of Xom.
  7647 | D:7      | Found a snail-covered altar of Cheibriados.
  7818 | D:7      | Reached skill level 1 in Invocations
  8891 | D:7      | Found a staircase to the Ecumenical Temple.
  9263 | D:8      | Found a transporter.
  9266 | D:8      | Noticed a moth of wrath
  9455 | D:8      | Noticed markstv's ghost (novice DDFi)
  9514 | D:8      | Reached XP level 10. HP: 86/86 MP: 12/12
  9605 | D:8      | Found a transporter.
  9705 | D:8      | Noticed Harold
  9719 | D:8      | Killed Harold
  9947 | D:8      | Noticed a salamander
  9947 | D:8      | a salamander changed into a queen bee
  9957 | D:8      | Noticed a fire crab
  9957 | D:8      | a troll changed into a fire crab
  9961 | D:8      | Killed a fire crab
  9994 | D:8      | Noticed a manticore
  9994 | D:8      | Noticed a two-headed ogre
 10004 | D:9      | Found an ancient bone altar of Kikubaaqudgha.
 10009 | D:9      | Found an iron altar of Okawaru.
 10010 | D:9      | Noticed a green ugly thing
 10539 | D:9      | Reached skill level 5 in Evocations
 10673 | D:8      | Noticed Joseph
 11217 | D:9      | HP: 3/88 [poisoned by a hornet]
 11218 | D:9      | Succumbed to a hornet's poison

Illustrated notes

Levels and vault maps discovered:
D:1:      dpeg_arrival_solitude, layout_basic,
          hellmonk_ecumenical_altar_pennies_from_heaven
D:2:      layout_loops_cross, uniq_jessica
D:3:      layout_loops_cross, uniq_ijyb
D:4:      layout_basic, serial_shops, shop, grunt_decor_mini_mirrors,
          minivault_11, uniq_edmund
D:5:      layout_basic, mainiacjoe_overflow_24_doors, kennysheep_another_room
D:6:      layout_basic, gammafunk_ghost_grave,
          amcnicky_mini_rare_corridor_liquid, uniq_blork_the_orc, uniq_pikel,
          uniq_grinder
D:7:      layout_basic, minitemple, nicolae_overflow_hidden_temple,
          minmay_temple_entry_nine_rooms, hangedman_decor_clover_reticule
D:8:      minmay_curly_fans, layout_loops_ring,
          gammafunk_ghost_berserking_beasts, kennysheep_generic_room_13,
          uniq_joseph, uniq_harold
D:9:      layout_basic, grunt_temple_overflow_open

Skill      XL: |  1  2  3  4  5  6  7  8  9 10 |
---------------+-------------------------------+-----
Axes           | 3 4 6 7 |  7.5
Fighting       | 4 6 7 8 |  8.2
Armour         | 1 3 4 5 6 7 |  7.3
Dodging        | 2 3 |  3.1
Evocations     | 1 3 4 5 |  5.2
Maces & Flails | 1 5 7 8 |  8.6
Invocations    | 3 4 |  4.7
Stealth        | |  4.8

Action                   |  1- 3 |  4- 6 |  7- 9 | 10-12 || total
-------------------------+-------+-------+-------+-------++-------
Melee: Hand axe          |    78 |   190 |       |       ||   268
       Punch             |     1 |     2 |       |       ||     3
       Dire flail        |       |       |   151 |    70 ||   221
       Great mace        |       |       |     8 |       ||     8
Invok: Convert to Beogh  |     1 |       |       |       ||     1
       Smiting           |       |       |       |     5 ||     5
Evoke: Wand              |       |     6 |     3 |       ||     9
  Use: Scroll            |       |       |       |     2 ||     2
       Potion            |       |       |       |     1 ||     1
 Stab: Sleeping          |     5 |     1 |       |       ||     6
Armor: Leather armour    |    32 |    10 |       |       ||    42
       Chain mail        |       |   111 |   131 |    37 ||   279
Dodge: Dodged            |    43 |    89 |    95 |    21 ||   248
